 Dungeon Crawl Stone Soup version 0.17-a0-2220-g6fea741 (webtiles) character file.

784 septik the Basher (level 7, 0/70 HPs)
             Began as an Ogre Berserker on Oct 28, 2015.
             Was a Priest of Trog.
             Slain by a hungry ghost (5 damage)
             ... on level 4 of the Dungeon.
             The game lasted 00:08:18 (4039 turns).

septik the Basher (Ogre Berserker)                  Turns: 4039, Time: 00:08:18

Health: 0/70       AC:  4    Str: 24    XL:     7   Next: 86%
Magic:  7/7        EV: 10    Int:  6    God:    Trog [***...]
Gold:   223        SH:  0    Dex: 10    Spells: 0 memorised, 6 levels left

rFire  . . .     SeeInvis .     G - +0 flail
rCold  . . .     Clarity  .     b - +0 animal skin
rNeg   + . .     SustAt   .     (no shield)
rPois  .         Gourm    .     (helmet restricted)
rElec  .         Spirit   .     g - +0 cloak
rCorr  .         Warding  .     (gloves unavailable)
rMut   .         Stasis   .     (boots unavailable)
MR     .....                    (no amulet)
Stlth  ++........               y - ring of positive energy
                                n - +3 ring of slaying

@: exhausted, slowed, very slow, not resistant to hostile enchantments,
unstealthy
A: unfitting armour, tough skin 1
a: Berserk, Trog's Hand, Burn Spellbooks, Renounce Religion


You were on level 4 of the Dungeon.
You worshipped Trog.
Trog was most pleased with you.
You were not hungry.

You visited 1 branch of the dungeon, and saw 4 of its levels.

You collected 223 gold pieces.

Inventory:

Hand Weapons
 a - a +0 mace
 u - a +0 whip
 G - a +0 flail (weapon)
Missiles
 e - 114 stones (quivered)
Armour
 b - a +0 animal skin (worn)
 g - a +0 cloak (worn)
Jewellery
 n - a +3 ring of slaying (left hand)
 y - a ring of positive energy (right hand)
Scrolls
 d - a scroll of random uselessness {unknown}
 f - a scroll of magic mapping {unknown}
 i - 4 scrolls of remove curse {unknown}
 j - a scroll of fear {unknown}
 l - 3 scrolls of fog {unknown}
 q - 2 scrolls of identify {unknown}
 t - a scroll of enchant weapon {unknown}
 w - a scroll of immolation {unknown}
 A - a scroll of amnesia {unknown}
 B - a scroll of teleportation {unknown}
Potions
 k - a potion of curing {unknown}
 p - a potion of magic {unknown}
 r - a potion of cancellation {unknown}
 s - 3 potions of agility {unknown}
 x - a potion of haste {unknown}
 C - a potion of lignification {unknown}
 D - a potion of degeneration {unknown}
 E - 3 potions of poison {unknown}
 F - a potion of resistance {unknown}
Comestibles
 m - 8 fruits
 o - 3 meat rations
 v - 3 royal jellies


   Skills:
 - Level 4.0 Fighting
 + Level 10.8 Maces & Flails
 - Level 1.1 Throwing
 - Level 2.6 Dodging
 - Level 2.2 Stealth


You had 6 spell levels left.
You didn't know any spells.

Dungeon Overview and Level Annotations

Branches:
Dungeon (4/15)
 Temple: D:4-7

Altars:
Fedhas
Okawaru
Ru
Xom


Innate Abilities, Weirdness & Mutations

You are too large for most types of armour.
You have tough skin (AC +1).


Message History

* * * LOW HITPOINT WARNING * * *
The hungry ghost hits you.
You feel a lot more hungry. The jackal bites you.
* * * LOW HITPOINT WARNING * * *
The crimson imp barely misses you.
You continue eating.
The jackal bites you but does no damage.
The jackal bites you.
* * * LOW HITPOINT WARNING * * *
The jackal bites you but does no damage.
The hungry ghost hits you.
* * * LOW HITPOINT WARNING * * *
You feel a lot more hungry.
The crimson imp hits you but does no damage.
The jackal bites you.
* * * LOW HITPOINT WARNING * * *
The jackal bites you but does no damage.
You continue eating.
The jackal bites you but does no damage.
The hungry ghost hits you.
You die...

#.....'....#....+
.......#.รท
#.....#'####'####
##...###))
................#
####...####'
................+
#..........)
................#
#........)..
######..........#
#........... #..........#
#......).... #..........#
+......####+
#........5@###+######+#....
##'####'#hWh...............
#......'..................
'......#..................
##......#..................
####
##...###..............###'
...# ###'
###'##'###.....#... ...+ ..
.'....#.....+... ...#...# .
.#....'.....#...


You could see a hungry ghost, a crimson imp and 2 jackals.

Vanquished Creatures
  The ghost of teron the Grasshopper, an amateur HEWr (D:4)
  Duvessa (D:4)
  A black bear (D:4)
  A centaur (D:4)
  Dowan (D:4)
  2 crimson imps (D:4)
  3 orc priests (D:4)
  An orc wizard (D:4)
  An iguana (D:4)
  A worker ant zombie (D:4)
  2 adders
  3 oozes (D:1)
  3 worms
  6 orcs
  2 giant cockroaches
  10 goblins
  12 hobgoblins
  6 jackals
  11 kobolds
  3 quokkas
  A ball python (D:2)
  6 bats
  2 giant geckos
  6 giant newts
  A jackal skeleton (D:4)
  6 rats
93 creatures vanquished.

Notes
Turn   | Place    | Note
--------------------------------------------------------------
     0 | D:1      | septik the Ogre Berserker began the quest for the Orb.
     0 | D:1      | Reached XP level 1. HP: 24/24 MP: 1/1
   116 | D:1      | Reached XP level 2. HP: 22/32 MP: 2/2
   237 | D:1      | Reached skill level 5 in Maces & Flails
   274 | D:1      | Reached XP level 3. HP: 31/39 MP: 3/3
  1210 | D:2      | Reached ** piety under Trog
  1275 | D:2      | Reached skill level 6 in Maces & Flails
  1275 | D:2      | Reached XP level 4. HP: 19/48 MP: 4/4
  1588 | D:2      | Found an iron altar of Okawaru.
  1740 | D:2      | Reached skill level 1 in Stealth
  2426 | D:3      | Reached *** piety under Trog
  2463 | D:3      | Reached XP level 5. HP: 48/54 MP: 5/5
  2526 | D:3      | Found a sacrificial altar of Ru.
  2918 | D:4      | Noticed teron's ghost (amateur HEWr)
  2935 | D:4      | Killed teron's ghost
  2935 | D:4      | Reached skill level 7 in Maces & Flails
  2935 | D:4      | Reached skill level 1 in Throwing
  2935 | D:4      | Reached XP level 6. HP: 45/62 MP: 6/6
  3130 | D:4      | Found a shimmering altar of Xom.
  3148 | D:4      | Paralysed by a crimson imp for 4 turns
  3182 | D:4      | Noticed a black bear
  3196 | D:4      | Killed a black bear
  3196 | D:4      | Reached skill level 8 in Maces & Flails
  3553 | D:4      | Noticed a centaur
  3562 | D:4      | Killed a centaur
  3562 | D:4      | Reached skill level 9 in Maces & Flails
  3562 | D:4      | Reached XP level 7. HP: 54/70 MP: 7/7
  3853 | D:4      | Noticed Duvessa
  3853 | D:4      | Noticed Dowan
  3863 | D:4      | Killed Dowan
  3863 | D:4      | Reached skill level 10 in Maces & Flails
  3870 | D:4      | Killed Duvessa
  3933 | D:4      | Found a blossoming altar of Fedhas.
  4002 | D:4      | Noticed a hungry ghost
  4039 | D:4      | Slain by a hungry ghost

Vault maps used:
D:1:      grunt_arrival_crossed_arrows, grunt_decor_clamped,
          minmay_misc_feat_square
D:2:      lemuel_crystal_altar
D:3:      nicolae_ru_sacrificial_ziggurat
D:4:      black_bear_nest_1, cheibriados_altar_wand_db, led_xom_imps,
          temple_hall, fedhas_bush_and_centaur_altar, uniq_duvessa

Action                   |  1- 3 |  4- 6 |  7- 9 || total
-------------------------+-------+-------+-------++-------
Melee: Mace              |   112 |    15 |       ||   127
       Whip              |       |   147 |    26 ||   173
       Flail             |       |       |    38 ||    38
Throw: Stone             |     3 |       |       ||     3
Invok: Berserk           |       |     1 |     3 ||     4
 Stab: Sleeping          |     2 |     2 |       ||     4
  Eat: Chunk             |     1 |     5 |     6 ||    12
       Bread ration      |       |     1 |       ||     1
       Pizza             |       |       |     2 ||     2
       Meat ration       |       |       |     1 ||     1
       Beef jerky        |       |       |     1 ||     1
